 Dungeon Crawl Stone Soup version 0.31.0-32-g396128a36d (webtiles) character file.

Game seed: 7060867491057266759

830 TacoSundae the Ruffian (level 7, -1/32 HPs)
             Began as a Vine Stalker Shapeshifter on Apr 11, 2024.
             Slain by Eustachio
             ... wielding a +2 rapier of venom
              (6 damage)
             ... on level 5 of the Dungeon.
             The game lasted 00:07:36 (2602 turns).

TacoSundae the Ruffian (Vine Stalker Shapeshifter)  Turns: 2602, Time: 00:07:37

Health: -1/32      AC:  3    Str: 19    XL:     7   Next: 97%
Magic:  0/8        EV: 11    Int: 10    God:
Gold:   182        SH:  0    Dex: 13    Spells: 6/6 levels left

rFire   . . .        b - +7 Throatcutter {drain, coup de grace}
rCold   . . .        (no shield)
rNeg    + . .        g - +0 leather armour
rPois   .            (helmet currently unavailable)
rElec   .            (cloak currently unavailable)
rCorr   .            (gloves currently unavailable)
SInv    .            (boots currently unavailable)
Will    .....        (no amulet)
Stlth   +            k - ring of positive energy
HPRegen 1.05/turn    q - ring of flight
MPRegen 0.11/turn

%: guardian spirit
@: lethally poisoned (-1 -> -10), beast-form, flying
A: beast (slay +3), fangs 2, regeneration 1, magic shield, antimagic bite, no
potion heal 2
a: Begin Untransformation


You were on level 5 of the Dungeon.
You were a hulking beast.
You visited 1 branch of the dungeon, and saw 5 of its levels.

You collected 182 gold pieces.

Inventory:

Hand Weapons
 b - the +7 Throatcutter (weapon) {drain, coup de grace}
   (You found it on level 3 of the Dungeon)
Missiles
 a - 26 poisoned darts (quivered)
 r - a curare-tipped dart
Armour
 g - a +0 leather armour (worn)
 o - a +0 pair of gloves
 v - a +0 pair of gloves
Jewellery
 k - a ring of positive energy (left hand)
 q - a ring of flight (right hand)
Talismans
 c - a beast talisman
 d - a flux talisman
Scrolls
 e - 6 scrolls of identify {unknown}
 f - 2 scrolls of blinking {unknown}
 i - 2 scrolls of summoning {unknown}
 j - a scroll of revelation {unknown}
 l - a scroll of noise {unknown}
 m - 2 scrolls of acquirement {unknown}
 n - 3 scrolls of teleportation {unknown}
 p - a scroll of vulnerability {unknown}
 u - 2 scrolls of fog {unknown}
Potions
 h - a potion of berserk rage
 t - a potion of lignification


   Skills:
 - Level 0.9 Fighting
 - Level 1.6 Dodging
 + Level 6.8 Unarmed Combat
 + Level 6.3 Shapeshifting


You had 6 spell levels left.
You didn't know any spells.
Your spell library contained the following spells:

 Spells                   Type           Power      Damage    Failure   Level
 Sting                    Conj/Alch      0%         1d3       41%         1
 Call Imp                 Summ           0%         N/A       56%         2
 Mercury Vapours          Alch/Air       0%         N/A       56%         2
 Sublimation of Blood     Necr           0%         N/A       56%         2
 Olgreb's Toxic Radiance  Alch           0%         N/A       99%         4
 Summon Hydra             Summ           0%         N/A       100%        7


Dungeon Overview and Level Annotations

Branches:
Dungeon (5/15)
 Temple: D:4-7

Altars:

Annotations:
D:2 1 runed translucent door, Crazy Yiuf
D:3 2 transporters
D:5 Eustachio


Innate Abilities, Weirdness & Mutations

You are a hulking beast.
Your limbs bulge with bestial killing power. (Slay +3)
You have extremely sharp teeth.
Your natural rate of healing is unusually fast.
When hurt, damage is shared between your health and your magic reserves.
Your bite disrupts and absorbs the magic of your enemies.
Potions cannot restore your health.


Message History

Eustachio yells, "Perjured traitor, DIE!"
The crimson imp hits you but does no damage.
You slash the crimson imp!
You behead the crimson imp!
You kill the crimson imp!
The crimson imp disappears in a puff of smoke!
The white imp gestures at you. The puff of frost hits you!
The white imp attacks as it pursues you!
The white imp hits you. The white imp freezes you.
You hit the white imp. Your punch misses the white imp. You bite the white imp.
You kill the white imp!
The white imp disappears in a puff of smoke!
You barely miss the ufetubus. Your bite misses the ufetubus.
The ufetubus hits you.
The ufetubus hits you but does no damage.
The ufetubus closely misses you. The ufetubus hits you.
You barely miss the ufetubus. You bite the ufetubus. You drain its power.
The ufetubus is heavily wounded.
The ufetubus hits you. x2; The ufetubus barely misses you.
The ufetubus hits you but does no damage.
You slash the ufetubus!
You kill the ufetubus!
The ufetubus disappears in a puff of smoke!
The rat bites you but does no damage.
Eustachio hits you with a +2 rapier of venom.
You are poisoned.
You barely miss Eustachio.
You feel very sick. The rat bites you.
Eustachio gestures wildly while chanting.
You closely miss Eustachio. You bite Eustachio, but do no damage.
You feel very sick. The rat barely misses you.
Eustachio hits you with a +2 rapier of venom!
* * * LOW HITPOINT WARNING * * *
You are lethally poisoned!
The rat barely misses you.
Eustachio hits you with a +2 rapier of venom!
You die...
Eustachio says, "Such is the fate of all honourless rascals."

##.... ..... ##....###
#.. #.......#### ♣.♣
#....#.....# ♣~♣♣###
.##$#.5#.....# ♣♣~♣♣...
.....@r..§...♣ ♣.~P♣#♣♣
###.####@r..♣♣♣ ♣P~P♣♣♣♣
#....hr...PP♣♣♣~~~♣~♣~
#...#######..~.~~~~~~.~~
# ##.~♣~♣~~~♣~♣♣
#♣♣♣♣♣♣.♣♣♣♣♣ #########♣
♣♣.♣ #........# ♣P.♣♣
#.###..##♣~~P♣
#..<....#♣P.♣♣#
.........#......†...#


You could see Eustachio and 2 rats.

Vanquished Creatures
  A black bear (D:5)
  An ogre (D:4)
  The ghost of Valrug the Apothecary, an amateur DsAl (D:3)
  4 kobold brigands
  A hound (D:4)
  An orc priest (D:4)
  2 iguanas
  An orc wizard (D:4)
  4 adders
  A gnoll (D:1)
  A white imp (D:5)
  A ribbon worm (D:2)
  3 dart slugs
  4 orcs
  11 ball pythons
  9 endoplasms
  3 giant cockroaches
  6 goblins
  10 hobgoblins
  2 jackals (D:3)
  15 kobolds
  3 quokkas
  8 bats
  3 frilled lizards
  2 rats
98 creatures vanquished.

Notes
Turn   | Place    | Note
-------+----------+-------------------------------------------
     0 | D:1      | TacoSundae the Vine Stalker Shapeshifter began the quest
                  | for the Orb.
     0 | D:1      | Reached XP level 1. HP: 9/9 MP: 2/2
   109 | D:1      | Reached XP level 2. HP: 11/14 MP: 0/3
   211 | D:1      | Reached XP level 3. HP: 17/17 MP: 4/4
   628 | D:2      | Reached XP level 4. HP: 12/21 MP: 3/5
   897 | D:2      | Found a runed translucent door.
   898 | D:2      | Noticed Crazy Yiuf
   947 | D:3      | Found a runed translucent door.
  1002 | D:3      | Found a transporter.
  1007 | D:3      | Identified the +1 leather armour of Qazlal's Grace {Str-4
                  | Int+6}
  1088 | D:3      | Found the +7 Throatcutter {drain, coup de grace}
  1088 | D:3      | Noticed a kobold brigand
  1088 | D:3      | Noticed a kobold brigand
  1088 | D:3      | Noticed a kobold brigand
  1100 | D:3      | Killed a kobold brigand
  1101 | D:3      | Reached XP level 5. HP: 25/25 MP: 6/6
  1102 | D:3      | Killed a kobold brigand
  1103 | D:3      | Reached skill level 5 in Unarmed Combat
  1103 | D:3      | Reached XP level 6. HP: 29/29 MP: 7/7
  1106 | D:3      | Reached skill level 5 in Shapeshifting
  1298 | D:3      | Found a transporter.
  1494 | D:3      | Noticed Valrug's ghost (amateur DsAl)
  1500 | D:3      | Killed Valrug's ghost
  1582 | D:4      | Reached XP level 7. HP: 22/32 MP: 4/8
  2505 | D:5      | Entered Level 5 of the Dungeon
  2586 | D:5      | Noticed Eustachio
  2602 | D:5      | Slain by Eustachio

Illustrated notes

Levels and vault maps discovered:
D:1:      minmay_arrival_four_houses, layout_rooms, minmay_tetromino_t4
D:2:      layout_rooms, minmay_ruptured, uniq_crazy_yiuf_cottage
D:3:      gammafunk_steamed_eel, layout_basic, ebering_ghost_reflecting_pool,
          dilly_guarded_unrand_throatcut
D:4:      minmay_evil_eye, layout_loops_ring, lightli_corner_chamber
D:5:      layout_loops_cross, serial_bayou_crossing, uniq_duvessa,
          uniq_menkaure, uniq_eustachio, uniq_edmund

Skill      XL: |  1  2  3  4  5  6  7 |
---------------+----------------------+-----
Unarmed Combat | 4 5 6 |  6.8
Shapeshifting  | 4 5 6 |  6.3
Fighting       | |  0.9
Dodging        | |  1.6

Action                     |  1- 3 |  4- 6 |  7- 9 || total
---------------------------+-------+-------+-------++-------
  Melee: Unarmed           |    93 |    40 |       ||   133
         Punch             |     3 |     2 |     2 ||     7
         Bite              |    16 |    16 |    12 ||    44
         Long sword        |       |    20 |    54 ||    74
  Throw: Dart              |       |       |     1 ||     1
    Use: Potion            |       |     1 |     2 ||     3
   Stab: Sleeping          |       |       |     1 ||     1
 Armour: Leather armour    |    43 |    34 |    45 ||   122
         Animal skin       |     4 |       |       ||     4
  Dodge: Dodged            |    55 |    27 |    26 ||   108
